 Dungeon Crawl Stone Soup version 0.30.0-20-g3615ddf2f0 (webtiles) character file.

Game seed: 233000754027822070

8862 qw the Cleaver (level 11, -23/69 HPs)
             Began as a Gargoyle Fighter on May 31, 2023.
             Was an Elder of Okawaru.
             Annihilated by a centaur warrior
             ... wielding a +1 great mace of protection
              (24 damage)
             ... on level 10 of the Dungeon.
             The game lasted 00:04:18 (8606 turns).

qw the Cleaver (Gargoyle Fighter)                   Turns: 8606, Time: 00:04:18

Health: -23/69     AC: 37    Str: 28    XL:     11   Next: 37%
Magic:  13/15      EV: 15    Int:  8    God:    Okawaru [****..]
Gold:   352        SH:  6    Dex: 11    Spells: 10/10 levels left

rFire   . . .        Y - +1 broad axe (flame)
rCold   . . .        c - +0 buckler
rNeg    + . .        h - +1 plate armour
rPois   inf          o - +2 helmet
rElec   +            t - +2 cloak "Mosakkel" {Fly Str+3 Stlth+}
rCorr   .            n - +2 pair of gloves
SInv    +            z - +0 pair of boots
Will    .....        (no amulet) Stlth
                     a - +5 ring of evasion
HPRegen 0.31/turn    f - ring of see invisible
MPRegen 0.14/turn

%: no passive effects
@: heroic, flying
A: sickness immunity, AC +8, negative energy resistance 1, electricity
resistance, torment resistance 1, petrification resistance, thin skeletal
structure 1, deterioration 1, subdued magic 2
a: Renounce Religion, Heroism, Finesse


You were on level 10 of the Dungeon.
You worshipped Okawaru.
Okawaru was greatly pleased with you.
You visited 2 branches of the dungeon, and saw 11 of its levels.

You collected 631 gold pieces.
You spent 279 gold pieces at shops.


Innate Abilities, Weirdness & Mutations

You are immune to sickness and miasma.
Your stone body is resilient. (AC +8)
You are immune to poison.
You resist negative energy. (rN+)
You are resistant to electric shocks. (rElec)
You are resistant to unholy torment.
You are immune to petrification.
You have a somewhat thin skeletal structure. (Dex +2, Stealth+)
Your body sometimes deteriorates upon taking damage.
Your spells are easier to cast, but less powerful.


   Skills:
 - Level 8.7(13.7) Fighting
 + Level 10.9(15.9) Axes
 - Level 3.2(8.2) Throwing
 - Level 8.0(13.0) Armour
 - Level 2.1(7.1) Dodging
 - Level 5.5(10.5) Shields
 + Level 6.1 Invocations


You had 10 spell levels left.
You didn't know any spells.
Your spell library was empty.

Inventory:

Hand Weapons
 Y - a +1 broad axe of flaming (weapon)
Missiles
 i - 5 javelins
 j - 3 boomerangs
 l - a silver javelin (quivered)
 r - 3 silver boomerangs
Armour
 c - a +0 buckler (worn)
 h - a +1 plate armour (worn)
 n - a +2 pair of gloves (worn)
 o - a +2 helmet (worn)
 t - the +2 cloak "Mosakkel" (worn) {Fly Str+3 Stlth+}
   (You acquired it on level 5 of the Dungeon)

   Str:       It affects your strength (+3).
   Fly:       It grants you flight.
   Stlth:     It makes you more stealthy.
 x - +0 acid dragon scales
 z - a +0 pair of boots (worn)
Jewellery
 a - a +5 ring of evasion (left hand)
 e - an amulet of faith
 f - a ring of see invisible (right hand)
 p - a +6 ring of strength
 y - a ring of ice
Scrolls
 m - a scroll of identify
 u - 4 scrolls of teleportation
Potions
 b - a potion of magic
 d - 6 potions of might
 g - 9 potions of curing
 k - a potion of attraction
 q - 3 potions of lignification
 s - a potion of cancellation
 w - a potion of invisibility {unknown}

Dungeon Overview and Level Annotations

Branches:
Dungeon (10/15)            Temple (1/1) D:4             Orc (0/2) D:9
   Lair: D:8-11

Altars:
Ashenzari
Cheibriados
Dithmenos
Elyvilon
Fedhas
Gozag
Hepliaklqana
Kikubaaqudgha
Makhleb
Nemelex Xobeh
Okawaru
Qazlal
Ru
Sif Muna
Trog
Uskayaw
Vehumet
Wu Jian
Xom
Yredelemnul
Zin
The Shining One

Shops:
D:3 *(?   D:9 (

Annotations:
D:6 2 transporters
D:7 1 runed translucent door, Crazy Yiuf


Message History

The centaur warrior kicks you but does no damage.
You hit the centaur warrior but do no damage.
The centaur warrior closely misses you.
The centaur warrior kicks you but does no damage.
You closely miss the centaur warrior.
The centaur warrior hits you but does no damage.
The centaur warrior barely misses you.
You barely miss the centaur warrior.
The centaur warrior hits you with a +1 great mace of protection.
The centaur warrior completely misses you.
The centaur warrior closely misses you. The centaur warrior misses you.
You hit the centaur warrior but do no damage.
The centaur warrior hits you but does no damage.
The centaur warrior kicks you but does no damage.
You hit the centaur warrior but do no damage.
The centaur warrior hits you with a +1 great mace of protection.
The centaur warrior barely misses you.
You completely miss the centaur warrior.
The centaur warrior hits you but does no damage.
The centaur warrior kicks you.
You hit the centaur warrior. You burn the centaur warrior.
The centaur warrior is lightly wounded.
You feel like a meek peon again.
The centaur warrior hits you with a +1 great mace of protection!!
The centaur warrior kicks you. The centaur warrior barely misses you.
The centaur warrior kicks you but does no damage.
8604 ||| INVOKING Heroism.
You gain the combat prowess of a mighty hero.
The centaur warrior hits you with a +1 great mace of protection!
You block the centaur warrior's attack.
You barely miss the centaur warrior.
The centaur warrior is lightly wounded.
The centaur warrior hits you but does no damage.
The centaur warrior kicks you but does no damage.
You slash the centaur warrior! You burn the centaur warrior.
The centaur warrior is heavily wounded.
The centaur warrior hits you with a +1 great mace of protection!!
The centaur warrior misses you.
The centaur warrior hits you with a +1 great mace of protection!!
You die... .# .# # .# .. .. #. #..# .. . . .. .# .# . . #. .#.#.#. .# .#.#. .# YT.

## #####c#####
## #...#@#...#
.# #.#.....#.#
## #..##.##..#
# .###.#
##.#.#.#.##..#
#.. ..
..#.#......#
.### . #
##[#)#)#.##...#
## .#.
#..##.##..# ..#
.# #.#
#.#.....#.# .#
## #.#
#...#.#...# #


You could see a centaur warrior (strong), a yak and a troll.

Vanquished Creatures
  A two-headed ogre (D:9)
  An ogre mage (D:10)
  A skeletal warrior (D:9)
  A kobold demonologist (D:10)
  An unseen horror (D:10)
  An efreet (D:9)
  A hornet (D:9)
  A wyvern (D:9)
  4 yaks (D:10)
  5 wraiths
  3 humans
  2 steam dragons (D:10)
  A warg (D:9)
  An acid dragon (D:9)
  A water moccasin (D:8)
  8 orc warriors
  3 ice beasts
  An ogre (D:5)
  3 centaurs
  2 kobold brigands
  4 gnoll sergeants
  2 scorpions
  2 bullfrogs
  9 wights
  6 killer bees (D:10)
  3 howler monkeys
  An electric eel (D:6)
  A crimson imp (D:9)
  3 hounds
  4 orc priests
  2 sleepcaps
  2 iguanas
  6 orc wizards
  Robin (D:4)
  22 gnolls
  5 adders
  A shadow imp (D:7)
  2 white imps
  4 ufetubi
  A dart slug (D:1)
  27 orcs
  4 endoplasms
  A giant cockroach (D:3)
  13 goblins
  6 hobgoblins
  5 quokkas
  9 ball pythons
  6 bats (D:1)
  A frilled lizard (D:1)
  18 kobolds
  A rat (D:1)
214 creatures vanquished.

Notes
Turn   | Place    | Note
-------+----------+-------------------------------------------
     0 | D:1      | qw the Gargoyle Fighter began the quest for the Orb.
     0 | D:1      | Reached XP level 1. HP: 14/14 MP: 1/1
     0 | D:1      | 0 ||| qw: Version: 0.2-a-102-gfc559e5
     0 | D:1      | 0 ||| qw: Game counter: 527
     0 | D:1      | 0 ||| qw: Always use a shield: true
     0 | D:1      | 0 ||| qw: God list: Okawaru
     0 | D:1      | 0 ||| qw: Allow faded altars: false
     0 | D:1      | 0 ||| qw: Do Orc after D:15 true
     0 | D:1      | 0 ||| qw: Do second Lair branch before Depths: true
     0 | D:1      | 0 ||| qw: Lair rune preference: random
     0 | D:1      | 0 ||| qw: Plans: Normal, Zot:1-4, Slime:5, God:TSO, Crypt,
                  | Tomb, Pan, Hells, Abyss, Win
     0 | D:1      | 0 ||| PLANNING D:1-11
    26 | D:1      | Reached skill level 2 in Axes
    32 | D:1      | 32 ||| Stepping ~*~*~tactically~*~*~ (hiding).
    34 | D:1      | 34 ||| Stepping ~*~*~tactically~*~*~ (hiding).
    35 | D:1      | 35 ||| Stepping ~*~*~tactically~*~*~ (hiding).
    74 | D:1      | Reached XP level 2. HP: 12/19 MP: 2/2
   110 | D:1      | 110 ||| FLEEEEING.
   111 | D:1      | 111 ||| FLEEEEING.
   123 | D:1      | 123 ||| Stepping ~*~*~tactically~*~*~ (hiding).
   125 | D:1      | 125 ||| Stepping ~*~*~tactically~*~*~ (hiding).
   126 | D:1      | 126 ||| Stepping ~*~*~tactically~*~*~ (hiding).
   348 | D:1      | Reached skill level 3 in Axes
   388 | D:1      | Reached XP level 3. HP: 23/23 MP: 3/3
   457 | D:1      | 457 ||| Stepping ~*~*~tactically~*~*~ (hiding).
   808 | D:1      | 808 ||| UPGRADING to +0 pair of gloves.
   813 | D:1      | 813 ||| DROPPING ring of magical power.
   814 | D:1      | 814 ||| UPGRADING to +6 ring of strength.
   815 | D:1      | 815 ||| READING scroll labelled JUANTI YSOGARY.
   916 | D:1      | 916 ||| READING scroll labelled JOTIBR UCAYHEE.
   917 | D:1      | 917 ||| READING scroll labelled SYXKOSUJICH.
   918 | D:1      | 918 ||| READING scroll labelled BOSOUDGHANWIXEI.
   919 | D:1      | 919 ||| DRINKING 4 ruby potions.
  1028 | D:2      | Reached skill level 1 in Throwing
  1130 | D:2      | 1130 ||| Stepping ~*~*~tactically~*~*~ (stealth).
  1143 | D:2      | 1143 ||| Stepping ~*~*~tactically~*~*~ (hiding).
  1144 | D:2      | 1144 ||| Stepping ~*~*~tactically~*~*~ (hiding).
  1505 | D:2      | Found a faded altar of an unknown god.
  1600 | D:2      | 1600 ||| READING scroll labelled QEDU OTUACLAO.
  1605 | D:2      | 1605 ||| DRINKING 2 black potions.
  1751 | D:3      | Reached XP level 4. HP: 28/28 MP: 4/4
  1768 | D:3      | Found Feczonto's Magic Scroll Shoppe.
  1771 | D:3      | 1771 ||| BUYING scroll of identify (28 gold).
  1771 | D:3      | Bought a scroll of identify for 28 gold pieces
  1771 | D:3      | 1771 ||| BUYING scroll of identify (28 gold).
  1771 | D:3      | Bought a scroll of identify for 28 gold pieces
  1771 | D:3      | 1771 ||| SHOPLISTING scroll of identify (28 gold, have 20).
  1771 | D:3      | 1771 ||| SHOPLISTING scroll of teleportation (42 gold, have
                  | 20).
  1809 | D:3      | 1809 ||| DROPPING +0 whip.
  1937 | D:3      | Found Ygax's Assorted Antiques.
  1943 | D:3      | 1943 ||| BUYING red potion (22 gold).
  1943 | D:3      | Bought a red potion for 22 gold pieces
  1943 | D:3      | 1943 ||| SHOPLISTING scroll labelled UCKIPRITINE (25 gold,
                  | have 21).
  1943 | D:3      | 1943 ||| SHOPLISTING sharpened bone wand (100 gold, have
                  | 21).
  1943 | D:3      | 1943 ||| SHOPLISTING silvery potion (22 gold, have 21).
  1944 | D:3      | Found Kaxengex's Antique Weapon Emporium.
  2029 | D:3      | Noticed an ice beast
  2052 | D:3      | HP: 5/28 [ice beast (10)]
  2055 | D:3      | Killed an ice beast
  2056 | D:3      | Reached skill level 4 in Axes
  2056 | D:3      | Reached XP level 5. HP: 7/32 MP: 5/5
  2209 | D:3      | You fall into a shaft and drop 2 floors!
  2209 | D:5      | Entered Level 5 of the Dungeon
  2210 | D:5      | 2210 ||| UPGRADING to +0 helmet.
  2215 | D:5      | 2215 ||| READING 2 scrolls labelled OPECAH QOFIRUGI.
  2216 | D:5      | 2216 ||| READING 2 scrolls labelled XOL JUTUITUJIL.
  2216 | D:5      | Identified 2 scrolls of acquirement
  2216 | D:5      | 2216 ||| ACQUIRING +2 cloak "Mosakkel" {Fly Str+3 Stlth+}
  2216 | D:5      | Acquired the +2 cloak "Mosakkel" {Fly Str+3 Stlth+}
  2218 | D:5      | 2218 ||| UPGRADING to +2 cloak "Mosakkel" {Fly Str+3
                  | Stlth+}.
  2223 | D:5      | 2223 ||| READING scroll of acquirement.
  2223 | D:5      | 2223 ||| ACQUIRING +0 broad axe of flaming
  2223 | D:5      | Acquired a +0 broad axe of flaming
  2225 | D:5      | 2225 ||| SWAPPING to +0 broad axe of flaming.
  2226 | D:5      | 2226 ||| DROPPING +0 heavy flail.
  2227 | D:5      | 2227 ||| DROPPING +0 war axe.
  2228 | D:5      | 2228 ||| READING 3 scrolls of identify.
  2228 | D:5      | 2228 ||| IDENTIFYING viscous green potion
  2229 | D:5      | 2229 ||| READING 2 scrolls of identify.
  2229 | D:5      | 2229 ||| IDENTIFYING bubbling emerald potion
  2230 | D:5      | 2230 ||| DROPPING scroll of noise.
  2231 | D:5      | 2231 ||| DROPPING potion of ambrosia.
  2250 | D:4      | Reached skill level 5 in Axes
  2336 | D:4      | 2336 ||| Stepping ~*~*~tactically~*~*~ (stealth).
  2337 | D:4      | Noticed Robin
  2338 | D:4      | 2338 ||| Stepping ~*~*~tactically~*~*~ (stealth).
  2342 | D:4      | 2342 ||| Stepping ~*~*~tactically~*~*~ (hiding).
  2347 | D:4      | Killed Robin
  2348 | D:4      | Reached skill level 1 in Dodging
  2348 | D:4      | Reached XP level 6. HP: 37/37 MP: 6/6
  2397 | D:4      | Reached skill level 6 in Axes
  2397 | D:4      | Reached XP level 7. HP: 41/43 MP: 7/7
  2476 | D:4      | Found a staircase to the Ecumenical Temple.
  2477 | D:4      | 2477 ||| PLANNING TEMPLE
  2477 | D:4      | 2477 ||| UPGRADING to +0 chain mail.
  2487 | D:4      | 2487 ||| DROPPING +0 scale mail.
  2488 | D:4      | 2488 ||| UPGRADING to ring of see invisible.
  2489 | D:4      | 2489 ||| READING scroll labelled UCKIPRITINE.
  2493 | D:4      | 2493 ||| Stepping ~*~*~tactically~*~*~ (hiding).
  2577 | Temple   | Entered the Ecumenical Temple
  2590 | Temple   | 2590 ||| PLANNING OKAWARU WORSHIP
  2817 | Temple   | Became a worshipper of Warmaster Okawaru
  2817 | Temple   | 2817 ||| PLANNING D:1-11
  3151 | D:4      | 3151 ||| Stepping ~*~*~tactically~*~*~ (hiding).
  3153 | D:4      | 3153 ||| Stepping ~*~*~tactically~*~*~ (hiding).
  3473 | D:5      | 3473 ||| Stepping ~*~*~tactically~*~*~ (stealth).
  3485 | D:5      | 3485 ||| Stepping ~*~*~tactically~*~*~ (stealth).
  3488 | D:5      | 3488 ||| Stepping ~*~*~tactically~*~*~ (stealth).
  3506 | D:5      | 3506 ||| Stepping ~*~*~tactically~*~*~ (stealth).
  3512 | D:5      | Reached skill level 7 in Axes
  3526 | D:5      | Reached XP level 8. HP: 26/49 MP: 8/8
  3529 | D:5      | HP: 12/49 [orc priest/divine providence (10)]
  3530 | D:5      | 3530 ||| DRINKING potion of heal wounds.
  3538 | D:5      | Reached * piety under Okawaru
  3539 | D:5      | 3539 ||| INVOKING Heroism.
  3540 | D:5      | 3540 ||| INVOKING Heroism.
  3717 | D:5      | Found a blossoming altar of Fedhas.
  3719 | D:5      | Found an ancient bone altar of Kikubaaqudgha.
  3786 | D:5      | 3786 ||| INVOKING Heroism.
  3986 | D:5      | 3986 ||| READING scroll labelled ZAMOQO CAOBAY.
  3987 | D:5      | 3987 ||| READING 2 scrolls of identify.
  3987 | D:5      | 3987 ||| IDENTIFYING bubbling cyan potion
  4017 | D:6      | 4017 ||| STAIRDANCE
  4119 | D:6      | Reached skill level 8 in Axes
  4119 | D:6      | Reached skill level 1 in Invocations
  4183 | D:6      | Reached skill level 3 in Invocations
  4190 | D:6      | 4190 ||| Stepping ~*~*~tactically~*~*~ (stealth).
  4191 | D:6      | 4191 ||| Stepping ~*~*~tactically~*~*~ (stealth).
  4192 | D:6      | 4192 ||| Stepping ~*~*~tactically~*~*~ (stealth).
  4225 | D:6      | 4225 ||| Stepping ~*~*~tactically~*~*~ (stealth).
  4232 | D:6      | 4232 ||| Stepping ~*~*~tactically~*~*~ (hiding).
  4233 | D:6      | 4233 ||| Stepping ~*~*~tactically~*~*~ (hiding).
  4234 | D:6      | 4234 ||| Stepping ~*~*~tactically~*~*~ (hiding).
  4398 | D:6      | Found a basalt altar of Yredelemnul.
  4405 | D:6      | 4405 ||| INVOKING Heroism.
  4411 | D:6      | Reached skill level 6 in Fighting
  4411 | D:6      | Reached XP level 9. HP: 55/55 MP: 8/11
  4443 | D:6      | Found a broken altar of Ashenzari.
  4529 | D:6      | Found a transporter.
  4555 | D:6      | Found a transporter.
  4679 | D:6      | 4679 ||| READING scroll labelled VOTZY FARYI.
  4680 | D:6      | 4680 ||| READING scroll labelled RILIMN XOLUI.
  4681 | D:6      | 4681 ||| DRINKING 2 silvery potions.
  4682 | D:6      | 4682 ||| DRINKING 3 green potions.
  4682 | D:6      | Gained mutation: You occasionally lose the ability to read
                  | scrolls when taking damage. [potion of mutation]
  4682 | D:6      | Gained mutation: You are frail. (-10% HP) [potion of
                  | mutation]
  4682 | D:6      | Gained mutation: You are strong-willed. (Will+) [potion of
                  | mutation]
  4683 | D:6      | 4683 ||| DRINKING 2 potions of mutation.
  4683 | D:6      | Lost mutation: You are strong-willed. (Will+) [potion of
                  | mutation]
  4683 | D:6      | Lost mutation: You occasionally lose the ability to read
                  | scrolls when taking damage. [potion of mutation]
  4683 | D:6      | Gained mutation: Your spells are a little easier to cast,
                  | but a little less powerful. [potion of mutation]
  4683 | D:6      | Gained mutation: Your body sometimes deteriorates upon
                  | taking damage. [potion of mutation]
  4684 | D:6      | 4684 ||| DRINKING potion of mutation.
  4684 | D:6      | Lost mutation: You are frail. (-10% HP) [potion of
                  | mutation]
  4684 | D:6      | Lost mutation: Your body sometimes deteriorates upon taking
                  | damage. [potion of mutation]
  4684 | D:6      | Gained mutation: You have a somewhat thin skeletal
                  | structure. (Dex +2, Stealth+) [potion of mutation]
  4684 | D:6      | Gained mutation: Your body sometimes deteriorates upon
                  | taking damage. [potion of mutation]
  4684 | D:6      | Gained mutation: Your spells are easier to cast, but less
                  | powerful. [potion of mutation]
  4702 | D:6      | 4702 ||| DROPPING potion of degeneration.
  4730 | D:7      | 4730 ||| Stepping ~*~*~tactically~*~*~ (stealth).
  4731 | D:7      | 4731 ||| Stepping ~*~*~tactically~*~*~ (stealth).
  4733 | D:7      | 4733 ||| Stepping ~*~*~tactically~*~*~ (hiding).
  4828 | D:7      | 4828 ||| READING scroll of enchant armour.
  4828 | D:7      | 4828 ||| ENCHANTING +0 pair of gloves.
  4853 | D:7      | 4853 ||| Stepping ~*~*~tactically~*~*~ (hiding).
  5113 | D:7      | 5113 ||| Stepping ~*~*~tactically~*~*~ (hiding).
  5114 | D:7      | 5114 ||| Stepping ~*~*~tactically~*~*~ (hiding).
  5226 | D:7      | Found a runed translucent door.
  5227 | D:7      | Noticed Crazy Yiuf
  5474 | D:7      | 5474 ||| DROPPING amulet of magic regeneration.
  5475 | D:7      | 5475 ||| DROPPING amulet of guardian spirit.
  5476 | D:7      | 5476 ||| UPGRADING to +5 ring of evasion.
  5478 | D:7      | 5478 ||| READING 2 scrolls of identify.
  5478 | D:7      | 5478 ||| IDENTIFYING fuming dark potion
  5479 | D:7      | 5479 ||| DROPPING potion of berserk rage.
  5556 | D:8      | 5556 ||| INVOKING Heroism.
  5596 | D:8      | 5596 ||| Stepping ~*~*~tactically~*~*~ (hiding).
  5598 | D:8      | 5598 ||| Stepping ~*~*~tactically~*~*~ (hiding).
  5599 | D:8      | 5599 ||| Stepping ~*~*~tactically~*~*~ (hiding).
  5649 | D:8      | Reached skill level 9 in Axes
  5840 | D:8      | 5840 ||| Stepping ~*~*~tactically~*~*~ (hiding).
  5850 | D:8      | 5850 ||| INVOKING Heroism.
  5858 | D:8      | Reached skill level 3 in Throwing
  5963 | D:8      | 5963 ||| READING scroll of enchant armour.
  5963 | D:8      | 5963 ||| ENCHANTING +1 pair of gloves.
  5991 | D:8      | Found a stormy altar of Qazlal.
  6013 | D:8      | 6013 ||| Stepping ~*~*~tactically~*~*~ (hiding).
  6021 | D:8      | Reached ** piety under Okawaru
  6160 | D:8      | 6160 ||| Stepping ~*~*~tactically~*~*~ (stealth).
  6170 | D:8      | 6170 ||| Stepping ~*~*~tactically~*~*~ (stealth).
  6286 | D:8      | 6286 ||| UPGRADING to +0 plate armour.
  6296 | D:8      | 6296 ||| DROPPING +0 chain mail.
  6297 | D:8      | 6297 ||| DROPPING +6 ring of dexterity.
  6298 | D:8      | 6298 ||| READING scroll labelled GOTISU JIKHLA.
  6299 | D:8      | 6299 ||| READING 3 scrolls of identify.
  6299 | D:8      | 6299 ||| IDENTIFYING red potion
  6300 | D:8      | 6300 ||| READING 2 scrolls of identify.
  6300 | D:8      | 6300 ||| IDENTIFYING viscous dark potion
  6301 | D:8      | 6301 ||| DROPPING potion of brilliance.
  6351 | D:9      | 6351 ||| INVOKING Heroism.
  6517 | D:9      | 6517 ||| Stepping ~*~*~tactically~*~*~ (stealth).
  6546 | D:9      | Found a staircase to the Orcish Mines.
  6604 | D:9      | 6604 ||| INVOKING Heroism.
  6618 | D:9      | Reached skill level 6 in Armour
  6665 | D:9      | Found a shimmering blue altar of Sif Muna.
  6739 | D:9      | Reached XP level 10. HP: 59/61 MP: 13/13
  6744 | D:9      | 6744 ||| Stepping ~*~*~tactically~*~*~ (stealth).
  6831 | D:9      | 6831 ||| Stepping ~*~*~tactically~*~*~ (hiding).
  6838 | D:9      | 6838 ||| INVOKING Heroism.
  6935 | D:9      | Found a glowing silver altar of Zin.
  6994 | D:9      | Found Ute Tan's Antique Weapon Shoppe.
  7003 | D:9      | 7003 ||| BUYING glowing war axe (201 gold).
  7003 | D:9      | Bought a glowing war axe for 201 gold pieces
  7003 | D:9      | 7003 ||| DROPPING +6 heavy war axe.
  7124 | D:9      | Found a shimmering altar of Xom.
  7124 | D:9      | Noticed a two-headed ogre
  7125 | D:9      | 7125 ||| Stepping ~*~*~tactically~*~*~ (stealth).
  7127 | D:9      | 7127 ||| INVOKING Heroism.
  7137 | D:9      | Killed a two-headed ogre
  7137 | D:9      | Reached *** piety under Okawaru
  7218 | D:9      | Found a burning altar of Makhleb.
  7290 | D:9      | Reached skill level 10 in Axes
  7306 | D:9      | 7306 ||| READING 3 scrolls of enchant armour.
  7306 | D:9      | 7306 ||| ENCHANTING +0 helmet.
  7307 | D:9      | 7307 ||| READING 2 scrolls of enchant armour.
  7307 | D:9      | 7307 ||| ENCHANTING +1 helmet.
  7308 | D:9      | 7308 ||| READING scroll of enchant armour.
  7308 | D:9      | 7308 ||| ENCHANTING +0 plate armour.
  7427 | D:9      | 7427 ||| INVOKING Heroism.
  7606 | D:9      | 7606 ||| Stepping ~*~*~tactically~*~*~ (hiding).
  7616 | D:9      | 7616 ||| INVOKING Heroism.
  7727 | D:9      | Noticed a skeletal warrior
  7728 | D:9      | 7728 ||| INVOKING Heroism.
  7750 | D:9      | Killed a skeletal warrior
  8015 | D:9      | 8015 ||| UPGRADING to +0 pair of boots.
  8020 | D:9      | 8020 ||| READING scroll labelled NODGHI PIMO.
  8021 | D:9      | 8021 ||| READING scroll labelled QINNICH JONUA.
  8068 | D:9      | 8068 ||| READING 3 scrolls of identify.
  8068 | D:9      | 8068 ||| IDENTIFYING fizzy silvery potion
  8069 | D:9      | 8069 ||| READING 2 scrolls of identify.
  8069 | D:9      | 8069 ||| IDENTIFYING golden potion
  8070 | D:9      | 8070 ||| DROPPING potion of flight.
  8109 | D:10     | Entered Level 10 of the Dungeon
  8252 | D:10     | 8252 ||| Stepping ~*~*~tactically~*~*~ (stealth).
  8265 | D:10     | 8265 ||| Stepping ~*~*~tactically~*~*~ (hiding).
  8267 | D:10     | 8267 ||| Stepping ~*~*~tactically~*~*~ (hiding).
  8268 | D:10     | 8268 ||| Stepping ~*~*~tactically~*~*~ (hiding).
  8269 | D:10     | 8269 ||| INVOKING Heroism.
  8311 | D:10     | Identified the +0 robe of Vehumet's Inspiration {rF+ Dex+2}
  8316 | D:10     | Noticed an unseen horror
  8317 | D:10     | 8317 ||| Stepping ~*~*~tactically~*~*~ (stealth).
  8328 | D:10     | 8328 ||| INVOKING Heroism.
  8334 | D:10     | Received a gift from Okawaru
  8346 | D:10     | Killed an unseen horror
  8347 | D:10     | Reached XP level 11. HP: 63/69 MP: 14/14
  8365 | D:10     | Reached **** piety under Okawaru
  8379 | D:10     | 8379 ||| Stepping ~*~*~tactically~*~*~ (stealth).
  8398 | D:10     | 8398 ||| INVOKING Heroism.
  8413 | D:10     | Noticed an ogre mage
  8417 | D:10     | Killed an ogre mage
  8468 | D:10     | 8468 ||| INVOKING Heroism.
  8472 | D:10     | 8472 ||| Stepping ~*~*~tactically~*~*~ (cloud).
  8524 | D:10     | 8524 ||| INVOKING Heroism.
  8546 | D:10     | 8546 ||| Stepping ~*~*~tactically~*~*~ (stealth).
  8556 | D:10     | 8556 ||| Stepping ~*~*~tactically~*~*~ (stealth).
  8571 | D:10     | 8571 ||| Stepping ~*~*~tactically~*~*~ (stealth).
  8572 | D:10     | 8572 ||| Stepping ~*~*~tactically~*~*~ (stealth).
  8573 | D:10     | 8573 ||| INVOKING Heroism.
  8580 | D:10     | Noticed a centaur warrior
  8590 | D:10     | Reached skill level 6 in Invocations
  8604 | D:10     | 8604 ||| INVOKING Heroism.
  8606 | D:10     | HP: 1/69 [centaur warrior/+1 great mace of protection (20)]
  8606 | D:10     | Annihilated by a centaur warrior

Levels and vault maps discovered:
D:1:      saegor_arrival_simple_d, layout_rooms
D:2:      layout_loops_ring, ebering_ecumenical_altar_webs
D:3:      layout_loops_ring, serial_shops, shop, nicolae_shop_rolled_up,
          nicolae_shop_hallway_stairs
D:4:      layout_rooms, minmay_temple_entry_stoned_glass, uniq_robin
D:5:      layout_rooms, grunt_temple_overflow_growth_and_decay,
          minmay_tree_intersection, hex_medium
D:6:      gammafunk_steamed_eel, layout_basic, nicolae_overflow_squiral,
          minmay_ruffians
D:7:      layout_basic, uniq_crazy_yiuf_cottage
D:8:      layout_loops_cross, mainiacjoe_overflow_paths
D:9:      layout_irregular_city, mainiacjoe_overflow_six_doors_small,
          grunt_temple_overflow_champion_of_chaos,
          mainiacjoe_overflow_surrounded_room, david_orc_1_choice, serial_shops,
          nicolae_shop_dealshenge, kennysheep_big_empty_room, wad_mini_maze
D:10:     minmay_the_grid_3x3 [minmay_the_grid_zigzag_pyramid,
          minmay_the_grid_odd_star, minmay_the_grid_gridbox,
          minmay_the_grid_outer_circle, minmay_the_grid_dragon_b,
          minmay_the_grid_doors, minmay_the_grid_minigrid_small_alt,
          minmay_the_grid_square_x, minmay_the_grid_prize_trominoes],
          layout_irregular_city
Temple:   oiseaux_autumnal_temple

Skill      XL: |  1  2  3  4  5  6  7  8  9 10 11 |
---------------+----------------------------------+-----
Axes           | 2 3 4 5 6 7 8 9 10 | 10.9
Throwing       | 1 2 3 |  3.2
Dodging        | 1 2 |  2.1
Fighting       | 4 5 6 8 |  8.7
Armour         | 4 6 8 |  8.0
Invocations    | 3 4 6 |  6.1
Shields        | 4 5 |  5.5

Action                     |  1- 3 |  4- 6 |  7- 9 | 10-12 || total
---------------------------+-------+-------+-------+-------++-------
  Melee: War axe           |    85 |    31 |       |       ||   116
         Broad axe         |       |    29 |   289 |   213 ||   531
  Throw: Javelin           |    13 |    22 |    32 |    19 ||    86
         Boomerang         |       |       |     3 |     2 ||     5
 Invoke: Heroism           |       |       |     7 |    12 ||    19
    Use: Scroll            |     5 |     5 |    11 |     7 ||    28
         Potion            |     2 |       |     5 |       ||     7
 Armour: Scale mail        |    50 |    33 |     1 |       ||    84
         Chain mail        |       |       |   176 |       ||   176
         Plate armour      |       |       |    24 |   127 ||   151
  Dodge: Dodged            |    32 |    15 |   177 |   128 ||   352
  Block: Buckler           |    15 |    10 |    84 |    56 ||   165

Table legend:
 A = Non-vault XP
 B = Vault XP
 C = Vault XP percentage of total XP
 D = Non-vault monster count
 E = Vault monster count
 F = Vault count percentage of total count
                 A         B        C        D         E       F
            +---------+---------+-------+---------+---------+-------
      Total |    6697 |    5964 |  47.1 |     171 |      43 |  20.1
            +---------+---------+-------+---------+---------+-------
        D:1 |      51 |       0 |   0.0 |      30 |       0 |   0.0
        D:2 |      21 |       0 |   0.0 |       6 |       0 |   0.0
        D:3 |     162 |       0 |   0.0 |      10 |       0 |   0.0
        D:4 |     634 |      37 |   5.5 |      27 |      12 |  30.8
        D:5 |     621 |     189 |  23.3 |      17 |       1 |   5.6
        D:6 |     352 |     381 |  52.0 |      11 |       2 |  15.4
        D:7 |     366 |       0 |   0.0 |       7 |       0 |   0.0
        D:8 |     867 |       0 |   0.0 |      28 |       0 |   0.0
        D:9 |    2283 |    2016 |  46.9 |      20 |      13 |  39.4
       D:10 |    1340 |    3341 |  71.4 |      15 |      15 |  50.0
            +---------+---------+-------+---------+---------+-------
